 Dungeon Crawl Stone Soup version 0.14.1-23-g35e4e54 (webtiles) character file.

4633 DaftWullie the Slicer (level 10, -1/91 HPs)
             Began as a Kobold Berserker on June 12, 2014.
             Was a High Priest of Trog.
             Slain by a yak skeleton (8 damage)
             ... on Level 8 of the Dungeon on June 15, 2014.
             The game lasted 01:34:48 (8879 turns).

DaftWullie the Slicer (Kobold Berserker)            Turns: 8879, Time: 01:34:51

HP  -1/91        AC  5     Str 22      XL: 10   Next: 54%
MP  13/13        EV 21     Int  6      God: Trog [*****.]
Gold 440         SH  0     Dex 17      Spells:  0 memorised,  9 levels left

rFire  . . .     SeeInvis .     a - +1,+2 short sword
rCold  . . .     Clarity  .     i - +0 robe {MR+}
rNeg   . . .     Conserve .     (no shield)
rPois  .         rCorr    .     (no helmet)
rElec  .         rRot     .     (no cloak)
SustAb . .       Spirit   .     (no gloves)
rMut   .         Warding  .     (no boots)
Saprov + + .     Stasis   .     (no amulet)
MR     +++..                    (no ring)
                                r - +3 ring of protection

@: regenerating, berserking, lethally poisoned, very quick, extremely resistant
to hostile enchantments, extremely unstealthy
A: disease resistance, carnivore 3, saprovore 2
a: Burn Spellbooks, Berserk, Trog's Hand, Brothers in Arms, Renounce Religion


You were on level 8 of the Dungeon.
You worshipped Trog.
Trog was extremely pleased with you.
You were very full.

You visited 1 branch of the dungeon, and saw 9 of its levels.

You collected 440 gold pieces.

Inventory:

Hand weapons
 a - a +1,+2 short sword (weapon)
 h - a +2,+4 dagger
 w - a +1,+2 dagger of speed
 x - a +0,+2 broad axe of freezing
 z - a +0,+1 whip of electrocution
 P - a +0,+2 short sword
Missiles
 b - 2 curare-tipped needles
 l - 38 darts (quivered)
Armour
 i - a +0 robe of magic resistance (worn)
 o - a +0 leather armour
 q - a +2 leather armour
 s - a +0 robe of the Archmagi
 T - a +0 leather armour
Magical devices
 C - a wand of fireball (1)
 F - a wand of slowing (8)
 G - a wand of polymorph (13)
 K - a wand of polymorph (17)
 N - a wand of paralysis (12)
 O - a wand of random effects (9)
 R - a wand of slowing (7)
Comestibles
 c - 2 meat rations
 j - a rotting chunk of orc flesh
Scrolls
 e - 3 scrolls of remove curse
 f - 2 scrolls of noise {unknown}
 k - a scroll of identify
 m - a scroll of fear
 t - 5 scrolls of teleportation
 y - a scroll of enchant armour {unknown}
 A - a scroll of magic mapping
 E - 2 scrolls of fog {unknown}
 J - a scroll of random uselessness {unknown}
 L - a scroll of amnesia {unknown}
Jewellery
 r - a +3 ring of protection (left hand)
 M - an uncursed ring of see invisible {unknown}
Potions
 d - 2 potions of curing
 g - a potion of heal wounds {unknown}
 n - 2 potions of restore abilities {unknown}
 p - a potion of haste {unknown}
 u - a potion of paralysis {unknown}
 v - a potion of cure mutation {unknown}
Rods
 B - a -3 rod of inaccuracy (12/12)
   (You found it on level 7 of the Dungeon)


   Skills:
 * Level 6.4 Fighting
 * Level 13.0 Short Blades
 - Level 5.1 Throwing
 - Level 1.5 Armour
 + Level 9.1 Dodging
 + Level 5.9 Stealth
 + Level 1.8 Evocations


You had 9 spell levels left.
You didn't know any spells.

Dungeon Overview and Level Annotations

Branches:
Dungeon (9/15)             Temple (0/1) D:7
    Orc: D:9-12        Lair: D:8-11

Altars:
Kikubaaqudgha
The Shining One

Shops:
D:5 %

Annotations:
D:8 Erolcha


Innate Abilities, Weirdness & Mutations

You recuperate from illness quickly.
You are small and have problems with some larger weapons.
You are carnivorous and can eat meat at any time.
You can eat rotten meat.


Message History

You feel resistant to hostile enchantments.
Use which ability? (? or * to list)
Your skin crawls.
You feel resistant to hostile enchantments.
The yak skeleton gores you!
Use which ability? (? or * to list)
You fail to use your ability.
You feel sick.
Erolcha zaps a wand.
The bolt of cold misses you.
Use which ability? (? or * to list)
Your two-headed ogre goes berserk!
You feel somewhat less full. Erolcha misses you.
The yak skeleton completely misses you.
Use which ability? (? or * to list)
A red film seems to cover your vision as you go berserk!
You feel yourself moving faster!
You feel mighty!
You feel somewhat less full. Erolcha casts a spell at you.
The stone arrow hits you!
* * * LOW HITPOINT WARNING * * *
The yak skeleton gores you!
You die...

########## ###### #.........
#....# #......[...#....#
#.@Z.......#...<#
###########.O........#....#
#.....##...O..5......#....#
#####.....##.##...............###
.................................
#####.<...#..........F...........
#####.......................#....
..............................<..
#####.....#..#############..#....


You could see Erolcha, a giant frog, a crimson imp, a yak skeleton and a
friendly two-headed ogre (berserk).

Vanquished Creatures
  The ghost of Christof the Basher, an experienced MiFi of Okawaru (D:7)
  A two-headed ogre (D:7)
  Eustachio (D:5)
  A hippogriff (D:7)
  Edmund (D:7)
  A phantom (D:3)
  4 sky beasts
  2 centaurs
  2 orc warriors
  2 ice beasts
  An ogre (D:4)
  Sigmund (D:6)
  3 giant frogs
  2 scorpions
  A goliath beetle (D:6)
  2 vampire bats (D:7)
  6 crimson imps
  4 hounds
  A giant frog zombie (D:8)
  4 orc wizards
  9 worker ants
  An iguana (D:4)
  9 orc priests
  A quasit (D:6)
  Ijyb (D:2)
  2 ogre skeletons
  15 gnolls
  An orc zombie (D:7)
  4 adders
  3 shadow imps (D:7)
  4 worms
  An inept feature mimic (D:5)
  An adder zombie (D:7)
  A giant eyeball (D:5)
  8 giant geckos
  22 orcs
  15 bats
  2 bat skeletons (D:7)
  4 bat zombies
  7 giant cockroaches
  15 hobgoblins
  3 quokkas
  A ball python (D:2)
  7 giant newts
  11 goblins
  10 jackals
  10 kobolds
  A kobold zombie (D:6)
  10 rats
  A rat skeleton (D:5)
221 creatures vanquished.

Vanquished Creatures (collateral kills)
  An ogre (D:8)
  A mummy (D:8)
  An orc (D:8)
3 creatures vanquished.

Vanquished Creatures (others)
  An orc wizard (D:6)
1 creature vanquished.

Grand Total: 225 creatures vanquished

Notes
Turn   | Place    | Note
--------------------------------------------------------------
     0 | D:1      | DaftWullie, the Kobold Berserker, began the quest for the Orb.
     0 | D:1      | Reached XP level 1. HP: 14/14 MP: 1/1
   191 | D:2      | Reached XP level 2. HP: 14/19 MP: 2/2
   299 | D:2      | Noticed Ijyb
   330 | D:2      | Killed Ijyb
   330 | D:2      | Reached skill level 5 in Short Blades
   330 | D:2      | Reached XP level 3. HP: 23/23 MP: 3/3
   766 | D:1      | Acquired Trog's second power
   887 | D:1      | Reached XP level 4. HP: 29/29 MP: 4/4
  1294 | D:3      | Found a glowing golden altar of the Shining One.
  2052 | D:4      | Reached XP level 5. HP: 31/33 MP: 5/5
  2177 | D:3      | Reached skill level 1 in Throwing
  2804 | D:4      | Noticed an ogre
  2816 | D:3      | Reached skill level 1 in Stealth
  2875 | D:3      | Reached skill level 6 in Short Blades
  2972 | D:4      | Killed an ogre
  2972 | D:4      | Reached XP level 6. HP: 38/38 MP: 6/6
  3177 | D:3      | Noticed a phantom
  3235 | D:3      | Killed a phantom
  3481 | D:3      | Reached XP level 7. HP: 19/43 MP: 7/7
  3594 | D:4      | Reached skill level 7 in Short Blades
  3729 | D:4      | Reached skill level 5 in Dodging
  3950 | D:4      | Acquired Trog's third power
  3983 | D:5      | Entered Level 5 of the Dungeon
  4397 | D:4      | Reached XP level 8. HP: 40/48 MP: 8/8
  4831 | D:5      | Noticed Eustachio
  4906 | D:5      | Reached skill level 8 in Short Blades
  5118 | D:5      | Found Fuall's Food Shoppe.
  5324 | D:5      | Paralysed by a giant eyeball for 3 turns
  5546 | D:5      | Killed Eustachio
  5546 | D:5      | Reached skill level 9 in Short Blades
  5658 | D:6      | Noticed Sigmund
  5707 | D:6      | Reached skill level 5 in Fighting
  5772 | D:6      | Reached XP level 9. HP: 47/54 MP: 9/9
  6136 | D:6      | Reached skill level 10 in Short Blades
  6279 | D:6      | Killed Sigmund
  7204 | D:7      | Noticed Christof's ghost (experienced MiFi)
  7225 | D:7      | Killed Christof's ghost
  7225 | D:7      | Reached skill level 11 in Short Blades
  7225 | D:7      | Reached skill level 5 in Throwing
  7225 | D:7      | Reached skill level 1 in Evocations
  7417 | D:7      | Noticed Edmund
  7420 | D:7      | Killed Edmund
  7420 | D:7      | Reached XP level 10. HP: 60/60 MP: 11/11
  7434 | D:7      | Found an ancient bone altar of Kikubaaqudgha.
  7525 | D:7      | Found a staircase to the Ecumenical Temple.
  7714 | D:7      | Reached skill level 12 in Short Blades
  7714 | D:7      | Reached skill level 5 in Stealth
  8757 | D:8      | Reached skill level 13 in Short Blades
  8769 | D:8      | Received a gift from Trog
  8868 | D:8      | Noticed Erolcha
  8879 | D:8      | Slain by a yak skeleton

Action                   |  1- 3 |  4- 6 |  7- 9 | 10-12 || total
-------------------------+-------+-------+-------+-------++-------
Melee: Short sword       |    80 |    26 |       |   113 ||   219
       Dagger            |       |   112 |   848 |   188 ||  1148
Throw: Dart              |       |    30 |    35 |    19 ||    84
Invok: Berserk           |     5 |     3 |    12 |     5 ||    25
       Burn Spellbooks   |       |     1 |       |     1 ||     2
       Trog's Hand       |       |     1 |     6 |     1 ||     8
       Brothers in Arms  |       |       |       |     2 ||     2
Evoke: Wand              |       |       |     4 |     4 ||     8
  Use: Scroll            |       |     2 |     4 |       ||     6
 Stab: Distracted        |       |       |     1 |       ||     1
       Sleeping          |       |       |     7 |     7 ||    14
